AoeStats
← ytpro

African Clearing

504478632Analyzed
4v4 RM · 27d ago on Sep 5, 2026· 50m 31s· 8 players
Game mode
Random Map
Map size
Large (8 player)
Population
200
Speed
Normal
Resources
Standard
Victory
Conquest
Starting age
Dark Age
Ending age
Imperial Age
RankedLock teamsTeams togetherTeam positionsShared explorationLock speedFull tech treeHidden civsTurbo modeCheats
Victory
Defeat
🇨🇳 Hindustanis · China
1756
+10
🇦🇺 Magyars · Australia
1717
+11
🇭🇰 Burgundians · Hong Kong SAR China
1698
+12
🇨🇳 Mapuche · China
1545
+19
🇨🇳 Georgians · China
1709
-17
🇨🇳 Tupi · China
1579
-12
🇦🇷 Byzantines · Argentina
1576
-12
🇨🇳 Vietnamese · China
1555
-11
tim.13
5:59 Loom
13:01 Feudal Age
17:02 Castle Age
15:42 Double-Bit Axe
16:13 Horse Collar
17:55 Wheelbarrow
18:00 Bow Saw
19:20 Stone Mining
24:38 Fletching
32:46 Gold Mining
37:44 Imperial Age
35:29 Bodkin Arrow
36:13 Ballistics
39:10 Svan Towers
39:53 Bracer
39:47 Town Watch
40:24 Arrowslits
44:16 Chemistry
43:56 Guard Tower
45:58 Treadmill Crane
48:29 Keep
Konigs
11:26 Feudal Age
11:25 Loom
15:20 Fletching
25:21 Castle Age
23:32 Gold Mining
24:36 Double-Bit Axe
26:22 Bow Saw
25:36 Crossbowman
26:12 Bodkin Arrow
31:04 Padded Archer Armor
31:02 Pikeman
31:59 Horse Collar
34:00 Ballistics
34:45 Wheelbarrow
37:14 Forging
40:26 Imperial Age
39:03 Stone Mining
40:48 Iron Casting
41:12 Bracer
42:33 Chemistry
42:30 Halberdier
43:11 Squires
43:43 Conscription
44:27 Hand Cart
44:16 Scale Mail Armor
44:25 Scale Barding Armor
46:01 Arbalester
mxkpro
11:14 Loom
13:01 Feudal Age
11:18 Loom
18:37 Castle Age
20:53 Fletching
22:24 Bodkin Arrow
23:10 Double-Bit Axe
29:37 Bow Saw
31:12 Ballistics
36:26 Imperial Age
37:53 Bracer
38:00 Stone Mining
39:23 Chemistry
39:37 Wheelbarrow
38:47 Town Watch
39:39 Padded Archer Armor
42:26 Stone Mining
42:24 Horse Collar
45:03 Curare
47:09 Conscription
我也要有心啊
11:29 Loom
13:14 Feudal Age
14:28 Town Watch
14:37 Double-Bit Axe
17:59 Castle Age
19:28 Wheelbarrow
19:07 Bow Saw
21:15 Fletching
22:12 Bodkin Arrow
23:13 Horse Collar
29:21 Ballistics
30:35 Padded Archer Armor
35:19 Gold Mining
35:19 Stone Mining
40:33 Imperial Age
41:44 Imperial Age
50:33 Scale Mail Armor
50:45 Forging
zypro
8:44 Double-Bit Axe
13:26 Feudal Age
12:03 Loom
17:24 Castle Age
15:43 Bow Saw
19:03 Horse Collar
19:37 Gold Mining
22:42 Scale Barding Armor
29:11 Wheelbarrow
30:01 Chain Barding Armor
31:29 Town Watch
32:17 Heavy Plow
36:31 Imperial Age
35:01 Hand Cart
38:13 Plate Barding Armor
38:30 Husbandry
38:43 Forging
38:34 Stone Mining
41:22 Conscription
40:24 Elite Coustillier
41:25 Fletching
42:27 Gold Shaft Mining
42:22 Bodkin Arrow
43:03 Iron Casting
43:39 Bracer
44:42 Chemistry
43:23 Treadmill Crane
46:17 Hoardings
48:43 Masonry
48:54 Ballistics
49:36 Burgundian Vineyards
50:27 Architecture
ytpro
8:58 Loom
11:52 Feudal Age
11:54 Man-at-Arms
22:43 Castle Age
22:25 Stone Mining
23:30 Double-Bit Axe
26:41 Horse Collar
38:45 Elite Skirmisher
39:43 Fletching
kazusa
8:39 Loom
11:26 Feudal Age
12:00 Double-Bit Axe
12:01 Town Watch
15:16 Forging
15:42 Scale Barding Armor
18:32 Bloodlines
24:46 Castle Age
25:12 Padded Archer Armor
25:04 Gold Mining
24:52 Light Cavalry
25:24 Fletching
24:57 Crossbowman
26:26 Bodkin Arrow
27:41 Wheelbarrow
28:46 Husbandry
29:22 Leather Archer Armor
29:17 Stone Mining
30:19 Bow Saw
30:17 Horse Collar
32:16 Scale Mail Armor
33:44 Squires
34:00 Chain Mail Armor
34:26 Hand Cart
38:20 Gold Shaft Mining
42:14 Imperial Age
41:40 Grand Trunk Road
41:50 Heavy Plow
43:20 Chain Barding Armor
42:29 Hussar
44:13 Iron Casting
44:20 Conscription
45:01 Stone Shaft Mining
45:06 Plate Barding Armor
45:44 Chemistry
45:17 Elite Ghulam
46:18 Conscription
47:16 Blast Furnace
47:55 Ballistics
51:06 Two-Man Saw
第98次心痛
11:14 Loom
12:59 Feudal Age
14:34 Double-Bit Axe
17:11 Castle Age
16:30 Fletching
16:39 Horse Collar
16:49 Gold Mining
18:11 Bodkin Arrow
18:32 Bow Saw
19:50 Bodkin Arrow
22:39 Wheelbarrow
25:44 Padded Archer Armor
34:17 Hand Cart
33:47 Town Watch
37:14 Imperial Age
36:53 Gold Shaft Mining
37:12 Leather Archer Armor
37:19 Stone Mining
37:31 Heavy Plow
38:19 Conscription
37:59 Malon
38:30 Ring Archer Armor
37:26 Elite Bolas Rider
39:13 Chemistry
38:37 Ballistics
37:43 Capped Ram
39:04 Malon
39:24 Conscription
40:28 Ring Archer Armor
41:35 Butalmapu
41:50 Conscription
42:22 Siege Engineers
43:20 Forging
43:23 Herbal Medicine
43:58 Masonry
46:45 Iron Casting
45:40 Elite Kona
49:28 Coinage
49:46 Stone Shaft Mining
49:42 Crop Rotation
51:28 Blast Furnace
51:18 Banking
Connection lost

Rejoining the realm…

Still unreachable

The connection could not be restored.

Session expired

The server has moved on; the page needs a fresh start.